 Dungeon Crawl Stone Soup version 0.19.1 (webtiles) character file.

5017 KarmaPolice the Black Sun (level 10, -11/79 HPs)
             Began as a Vampire Skald on Nov 27, 2016.
             Was a High Priest of Kikubaaqudgha.
             Killed by the air
             ... invoked by Gastronok
              (43 damage)
             ... on level 9 of the Dungeon on Nov 28, 2016.
             The game lasted 01:02:18 (17164 turns).

KarmaPolice the Black Sun (Vampire Skald)          Turns: 17164, Time: 01:02:18

Health: -11/79     AC:  0    Str: 11    XL:     10   Next: 30%
Magic:  15/20      EV: 26    Int: 15    God:    Kikubaaqudgha [*****.]
Gold:   407        SH:  0    Dex: 22    Spells: 7 memorised, 0 levels left

rFire  . . .     SeeInvis +     (weapon currently unavailable)
rCold  + . .     Gourm    .     (armour currently unavailable)
rNeg   + + .     Faith    .     (shield currently unavailable)
rPois  +         Spirit   .     (helmet currently unavailable)
rElec  .         Reflect  .     (cloak currently unavailable)
rCorr  .         Harm     .     (gloves currently unavailable)
MR     +....                    (boots currently unavailable)
Stlth  ++++......               (no amulet)
                                (ring currently unavailable)
                                (ring currently unavailable)

@: bat-form, flying, very slightly contaminated, regenerating slowly, very quick
A: fangs 3, see invisible, (unbreathing)
a: End Transformation, Receive Corpses, Torment, Renounce Religion


You were on level 9 of the Dungeon.
You worshipped Kikubaaqudgha.
Kikubaaqudgha was extremely pleased with you.
You were thirsty.
You were in vampire-bat-form.
You visited 2 branches of the dungeon, and saw 10 of its levels.
You also visited: Ossuary.

You collected 407 gold pieces.

Inventory:

Hand Weapons
 s - a +0 blowgun
 w - a +1 short sword of draining
 J - a +1 hand axe of electrocution (melded)
Missiles
 a - 5 curare-tipped needles
 t - 34 poisoned needles
Armour
 p - a +0 cloak (melded)
 x - a +0 pair of gloves (melded)
 y - a +2 hat (melded)
 z - a +1 scale mail of positive energy
 C - a +1 robe of magic resistance (melded)
Magical Staves
 b - an uncursed staff of conjuration {unknown}
Jewellery
 B - an uncursed ring of see invisible {unknown}
Wands
 M - a wand of lightning (7/15)
Scrolls
 e - 4 scrolls of identify
 f - 3 scrolls of teleportation {unknown}
 g - 5 scrolls of remove curse
 h - 2 scrolls of random uselessness {unknown}
 i - 3 scrolls of enchant armour {unknown}
 m - 4 scrolls of fog {unknown}
 o - a scroll of immolation {unknown}
 q - a scroll of noise {unknown}
 v - a scroll of blinking {unknown}
 E - 2 scrolls of enchant weapon {unknown}
 F - a scroll of magic mapping {unknown}
 I - a scroll of fear {unknown}
 K - a scroll of brand weapon {unknown}
Potions
 d - 11 potions of blood
 j - 2 potions of curing
 k - 5 potions of lignification {unknown}
 l - a potion of degeneration {unknown}
 n - a potion of brilliance {unknown}
 r - 4 potions of might {unknown}
 u - 2 potions of flight {unknown}
 G - a potion of magic {unknown}
 H - a potion of resistance {unknown}
Books
 c - a book of Battle

   Spells                             Type                      Level
   a - Infusion                       Charms                       1
   b - Shroud of Golubria             Charms/Translocation         2
   c - Song of Slaying                Charms                       2
   d - Spectral Weapon                Hexes/Charms                 3
   e - Regeneration                   Charms/Necromancy            3
 A - Kikubaaqudgha's Incunabulum of Dark Arts
   (Kikubaaqudgha gifted it to you on level 5 of the Dungeon)

   Spells                             Type                      Level
   a - Pain                           Necromancy                   1
   b - Corpse Rot                     Necromancy                   2
   c - Sublimation of Blood           Necromancy                   2
   d - Regeneration                   Charms/Necromancy            3
   e - Control Undead                 Necromancy                   4
 D - Kikubaaqudgha's Tome of Sinister Rituals
   (Kikubaaqudgha gifted it to you in an ossuary)

   Spells                             Type                      Level
   a - Animate Dead                   Necromancy                   4
   b - Excruciating Wounds            Charms/Necromancy            5
   c - Cigotuvi's Embrace             Necromancy                   5
   d - Dispel Undead                  Necromancy                   5
   e - Death Channel                  Necromancy                   6
 L - a book of Frost

   Spells                             Type                      Level
   a - Freeze                         Ice                          1
   b - Throw Frost                    Conjuration/Ice              2
   c - Ozocubu's Armour               Charms/Ice                   3
   d - Throw Icicle                   Conjuration/Ice              4
   e - Summon Ice Beast               Ice/Summoning                4


   Skills:
 + Level 7.4 Fighting
 - Level 4.3 Short Blades
 - Level 2.2 Axes
 - Level 0.7 Armour
 - Level 6.0 Dodging
 + Level 7.3 Spellcasting
 - Level 4.0 Charms
 + Level 8.1 Necromancy
 + Level 0.6 Evocations


You couldn't memorise any spells.
You knew the following spells:

 Your Spells              Type           Power        Failure   Level  Hunger
a - Infusion              Chrm           ###.         2%          1    None
b - Shroud of Golubria    Chrm/Tloc      ##........   12%         2    None
c - Song of Slaying       Chrm           ###.....     4%          2    None
d - Regeneration          Chrm/Necr      ###.......   3%          3    ##.....
e - Death Channel         Necr           ####......   82%         6    #######
f - Dispel Undead         Necr           ####....     17%         5    #####..
g - Animate Dead          Necr           N/A          6%          4    ####...


Dungeon Overview and Level Annotations

Branches:
Dungeon (9/15)             Temple (1/1) D:4            Lair (0/6) D:9
    Orc: D:9-12

Altars:
Ashenzari
Cheibriados
Dithmenos
Elyvilon
Fedhas
Gozag
Hepliaklqana
Kikubaaqudgha
Makhleb
Nemelex Xobeh
Okawaru
Qazlal
Ru
Sif Muna
Trog
Uskayaw
Vehumet
Xom
Yredelemnul
Zin
The Shining One

Shops:
D:5 (

Annotations:
D:9 Gastronok, Grum


Innate Abilities, Weirdness & Mutations

You heal slowly.
You have razor-sharp teeth.
You have supernaturally acute eyesight. (SInv)
((You can survive without breathing.))


Message History

Grum stares intently and grunts.
You turn into a vampire bat.
Your +1 hand axe of electrocution melds into your body.
Your +0 cloak melds into your body.
Your +2 hat melds into your body.
Your +0 pair of gloves melds into your body.
Your +1 robe of magic resistance melds into your body.
Your +1 hand axe of electrocution stops crackling.
You feel less resistant to hostile enchantments.
Unknown command.
Okay, then.
Grum sniffs the air and quickly glances around.
Gastronok gurgles horribly!
Gastronok's eyestalks quiver as he mumbles some strange words.
Gastronok puts on a burst of speed!
You see here a glowing quarterstaff.
Gastronok waves his eye-stalks in wide circles.
The air twists around and violently strikes you in flight!
Ouch! That really hurt!
You die...
Kikubaaqudgha rasps: "You have failed me!
Welcome... oblivion!"

#####...g# #.#
#######.## ##'###
#........# #....#
#.......<# #....#
'........# #....#
#........# #Zg..#
#........# ###....#
#.......)# #.'....#
#.......b# #.#....#
#........###.#....#
#.w...>..'...#....#
#........#####....#
##'####### #..h.#
#.## ##'#### ...
#..g.# #####'#
#####'## ......h###
#......#


You could see Gastronok.

Vanquished Creatures
  Pikel (D:6)
  Sigmund (D:6)
  A wyvern (D:9)
  A hungry ghost (D:7)
  Edmund (D:4)
  3 water moccasins
  A black bear (D:8)
  A slave (D:6)
  A phantom (D:5)
  3 centaurs
  7 ogres
  2 wolves
  3 bullfrogs
  A scorpion (D:4)
  10 killer bees (D:7)
  5 wights (D:7)
  3 howler monkeys
  4 crimson imps
  A bullfrog zombie (D:8)
  3 hounds
  A jelly (D:6)
  A centaur skeleton (D:8)
  4 orc priests (D:4)
  8 orc wizards
  Terence (D:2)
  An iguana (D:8)
  11 worker ants
  4 big kobold zombies (Ossuary)
  A mummy (Ossuary)
  5 gnolls
  A howler monkey skeleton (D:6)
  16 adders
  2 shadow imps
  3 adder skeletons (D:4)
  An adder zombie (D:6)
  4 worms
  6 leopard geckos
  27 orcs
  2 spectral bats (Ossuary)
  15 bats
  5 giant cockroaches
  8 goblins
  5 hobgoblins
  14 jackals
  3 quokkas
  7 ball pythons
  4 bat simulacra (Ossuary)
  7 frilled lizards
  7 gnoll zombies (Ossuary)
  5 goblin simulacra (Ossuary)
  6 goblin zombies (Ossuary)
  4 hobgoblin zombies (Ossuary)
  10 kobolds
  2 kobold zombies (Ossuary)
  2 leopard gecko skeletons
  5 orc zombies (Ossuary)
  A quokka zombie (D:5)
  8 rats
  7 rat simulacra (Ossuary)
  4 spectral goblins (Ossuary)
  A spectral kobold (Ossuary)
  5 spectral rats (Ossuary)
287 creatures vanquished.

Vanquished Creatures (collateral kills)
  An ice beast (D:9)
  A sky beast (D:9)
  A jelly (D:8)
  An iguana (D:9)
  A shadow imp (D:8)
5 creatures vanquished.

Vanquished Creatures (others)
  2 bullfrogs (D:6)
  A jelly (D:6)
  A centaur zombie (D:6)
  A bullfrog skeleton (D:6)
  A gnoll (D:6)
  An adder (D:6)
  A gnoll zombie (Ossuary)
  A goblin zombie (Ossuary)
  2 rat zombies (D:6)
  6 plants (D:8)
17 creatures vanquished.

Grand Total: 309 creatures vanquished

Notes
Turn   | Place    | Note
-------+----------+-------------------------------------------
     0 | D:1      | KarmaPolice the Vampire Skald began the quest for the Orb.
     0 | D:1      | Reached XP level 1. HP: 16/16 MP: 3/3
   765 | D:1      | You fall through a shaft!
   983 | D:1      | Reached XP level 2. HP: 22/22 MP: 5/5
   990 | D:1      | Learned a level 2 spell: Shroud of Golubria
   993 | D:1      | Learned a level 2 spell: Song of Slaying
  1495 | D:3      | Found a radiant altar of Vehumet.
  1544 | D:2      | Reached XP level 3. HP: 18/28 MP: 0/6
  1962 | D:2      | Noticed Terence
  3019 | D:2      | Reached XP level 4. HP: 31/34 MP: 4/7
  3680 | D:3      | Learned a level 3 spell: Regeneration
  4139 | D:4      | Found a bloodstained altar of Trog.
  4197 | D:3      | Found a burning altar of Makhleb.
  4197 | D:3      | Found an ancient bone altar of Kikubaaqudgha.
  4489 | D:3      | Reached XP level 5. HP: 33/41 MP: 3/9
  4692 | D:2      | Killed Terence
  4692 | D:2      | Reached skill level 1 in Necromancy
  5162 | D:3      | Reached skill level 1 in Short Blades
  5621 | D:4      | Reached skill level 2 in Necromancy
  5712 | D:4      | Reached XP level 6. HP: 47/47 MP: 9/11
  5791 | D:4      | Found a staircase to the Ecumenical Temple.
  6841 | D:4      | Noticed Edmund
  6877 | D:4      | Killed Edmund
  7091 | D:4      | Reached skill level 3 in Necromancy
  7136 | Temple   | Entered the Ecumenical Temple
  7359 | D:4      | Reached XP level 7. HP: 51/53 MP: 12/12
  7453 | D:3      | Became a worshipper of Kikubaaqudgha
  9098 | D:5      | Entered Level 5 of the Dungeon
  9226 | D:5      | Reached skill level 4 in Necromancy
  9526 | D:5      | Reached * piety under Kikubaaqudgha
  9526 | D:5      | Identified Kikubaaqudgha's Incunabulum of Dark Arts (Kikubaaqudgha gifted it to you on level 5 of the Dungeon)
  9526 | D:5      | Received a gift from Kikubaaqudgha
  9658 | D:5      | Found Tichuet's Antique Weapon Shop.
  9703 | D:5      | Reached XP level 8. HP: 61/61 MP: 14/14
  9716 | D:5      | Found a bloodstained altar of Trog.
  9842 | D:5      | Found a hazy altar of Hepliaklqana.
 10713 | D:6      | Reached skill level 5 in Fighting
 10713 | D:6      | Reached skill level 5 in Spellcasting
 10911 | D:6      | Noticed Pikel
 10937 | D:6      | Killed Pikel
 10937 | D:6      | Reached skill level 5 in Necromancy
 11119 | D:6      | Found a shattered altar of Ashenzari.
 11122 | D:6      | Noticed Sigmund
 11136 | D:6      | Found a sand-covered staircase.
 11148 | Ossuary  | Entered an ossuary
 11181 | Ossuary  | Reached ** piety under Kikubaaqudgha
 11491 | Ossuary  | Reached *** piety under Kikubaaqudgha
 11491 | Ossuary  | Identified Kikubaaqudgha's Tome of Sinister Rituals (Kikubaaqudgha gifted it to you in an ossuary)
 11491 | Ossuary  | Received a gift from Kikubaaqudgha
 11508 | Ossuary  | Reached XP level 9. HP: 58/68 MP: 5/17
 12468 | D:6      | Saw a vision of the Swamp and the Spider Nest.
 12471 | D:6      | Noticed a wolf spider
 12472 | D:6      | Noticed a wolf spider
 12511 | D:6      | Killed Sigmund
 12511 | D:6      | Reached skill level 6 in Necromancy
 12931 | D:7      | Learned a level 6 spell: Death Channel
 13676 | D:7      | Learned a level 5 spell: Dispel Undead
 13737 | D:7      | Reached skill level 5 in Dodging
 13899 | D:7      | Reached **** piety under Kikubaaqudgha
 14931 | D:7      | Reached skill level 7 in Necromancy
 15319 | D:7      | Reached XP level 10. HP: 65/77 MP: 14/20
 15597 | D:8      | Found an opulent altar of Gozag.
 16034 | D:8      | Learned a level 4 spell: Animate Dead
 16374 | D:9      | Noticed Gastronok
 16469 | D:9      | Noticed Grum
 16538 | D:8      | HP: 3/79 [wolf[Grum] (10)]
 16920 | D:9      | Reached skill level 8 in Necromancy
 17015 | D:9      | Found a staircase to the Lair.
 17097 | D:9      | Reached ***** piety under Kikubaaqudgha
 17164 | D:9      | Killed from afar by Gastronok

Skill      XL: |  1  2  3  4  5  6  7  8  9 10 |
---------------+-------------------------------+-----
Fighting       | 2 3 4 5 6 7 |  7.4
Axes           | 2 |  2.2
Charms         | 4 |  4.0
Spellcasting   | 3 4 5 6 7 |  7.3
Necromancy     | 2 3 4 5 7 8 |  8.1
Short Blades   | 1 3 4 |  4.3
Dodging        | 4 6 |  6.0
Armour         | |  0.7
Evocations     | |  0.6

Action                   |  1- 3 |  4- 6 |  7- 9 | 10-12 || total
-------------------------+-------+-------+-------+-------++-------
Melee: Hand axe          |   115 |    44 |   132 |    93 ||   384
       Bite              |    10 |    20 |    64 |    13 ||   107
       Short sword       |       |   141 |   503 |    13 ||   657
       Unarmed           |       |    16 |     2 |     5 ||    23
 Fire: Blowgun           |       |     4 |    30 |       ||    34
 Cast: Infusion          |     5 |    14 |    33 |     8 ||    60
       Shroud of Golubri |     1 |     9 |    18 |     3 ||    31
       Song of Slaying   |     1 |     3 |     5 |       ||     9
       Regeneration      |       |     5 |     7 |     5 ||    17
       Animate Dead      |       |       |       |     7 ||     7
 Abil: Bat Form          |     1 |    31 |    46 |    18 ||    96
       End Transformatio |     1 |    31 |    46 |    17 ||    95
  Use: Potion            |     2 |     6 |    10 |     5 ||    23
       Scroll            |       |       |     1 |       ||     1
 Stab: Sleeping          |     4 |     1 |     9 |     1 ||    15
       Distracted        |       |     1 |     3 |       ||     4
  Eat: Corpse            |       |     3 |     5 |     2 ||    10
Armor: Leather armour    |    38 |    75 |    56 |       ||   169
       Scale mail        |       |       |   102 |       ||   102
       Robe              |       |       |    42 |    29 ||    71
Dodge: Dodged            |    69 |   144 |   352 |   128 ||   693
